 Dungeon Crawl Stone Soup version 0.16.0-17-g811c1d7 (webtiles) character file.

24404 Woebin the Slinger (level 12, -9/91 HPs)
             Began as a Demonspawn Fighter on Mar 20, 2015.
             Was an Initiate of Gozag.
             Splashed by an oklob plant's acid (12 damage)
             ... on level 5 of the Lair of Beasts.
             The game lasted 01:16:47 (16541 turns).

Woebin the Slinger (Demonspawn Fighter)            Turns: 16541, Time: 01:16:48

Health: -9/91      AC: -3    Str: 20    XL:     12   Next: 80%
Magic:  0/13       EV: 12    Int: 14    God:    Gozag
Gold:   1705       SH:  0    Dex: 15    Spells: 0 memorised, 11 levels left

rFire  + . .     SeeInvis +     a - +7 short sword "Gaixoutt" {flame, rN+ Int+3 Stlth+}
rCold  . . .     Rnd*Rage +     f - +1 leather armour of the Ban {rPois rN++ Str-4 Dex+2}
rNeg   + + +     SustAb   .     E - +0 large shield
rPois  +         Gourm    .     (helmet restricted)
rElec  .         Spirit   +     (no cloak)
rCorr  .         Warding  .     L - +3 pair of gauntlets of War {Slay+5}
rMut   .         Stasis   .     (no boots)
MR     .....                    (no amulet)
Stlth  ++........               H - ring of Brel Iso {rF+ Str+4 Slay+3 SInv}
                                k - +2 ring of slaying

@: confused, corroded equipment, not resistant to hostile enchantments,
unstealthy
A: horns 2, large bone plates 1, berserk 1, low mp 1, powered by death 1, magic
shield, magic regeneration
a: Potion Petition, Call Merchant, Bribe Branch, Renounce Religion


You were on level 5 of the Lair of Beasts.
You worshipped Gozag.
Gozag was noncommittal.
You were not hungry.

You visited 3 branches of the dungeon, and saw 16 of its levels.

You collected 3805 gold pieces.
You spent 570 gold pieces at shops.
You paid 1530 gold pieces to Gozag.

Inventory:

Hand weapons
 a - the +7 short sword "Gaixoutt" (weapon) {flame, rN+ Int+3 Stlth+}
   (You found it on level 1 of the Lair of Beasts)

   It has been specially enchanted to burn those struck by it, causing extra
   injury to most foes and up to half again as much damage against particularly
   susceptible opponents.
   It affects your intelligence (+3).
   It protects you from negative energy.
   It makes you more stealthy.
 b - a +2 hunting sling of flaming
 T - a +0 war axe
Missiles
 y - 61 sling bullets
 Q - a tomahawk (quivered)
Armour
 f - the +1 leather armour of the Ban (worn) {rPois rN++ Str-4 Dex+2}
   (You found it on level 6 of the Dungeon)

   It affects your strength (-4).
   It affects your dexterity (+2).
   It protects you from poison.
   It greatly protects you from negative energy.
 C - the +1 scale mail "Tarchuafru" {Contam +Inv rC+ rN+}
   (You found it on level 4 of the Dungeon)

   It protects you from cold.
   It protects you from negative energy.
   It lets you turn invisible.
   It causes magical contamination when unequipped.
 E - a +0 large shield (worn)
 L - the +3 pair of gauntlets of War (worn) {Slay+5}
   (You bought it in a shop on level 9 of the Dungeon)

   It affects your accuracy and damage with ranged weapons and melee attacks
   (+5).
Rods
 V - a -1 rod of ignition (10/10)
   (You found it on level 10 of the Dungeon)
Jewellery
 h - the ring of the Wild Haggis {Wiz Str+3}
   (You found it on level 8 of the Dungeon)

   [ring of wizardry]

   It improves your spell success rate.
   It affects your strength (+3).
 j - an uncursed ring of invisibility
 k - a +2 ring of slaying (left hand)
 t - an uncursed ring of protection from cold
 H - the ring of Brel Iso (right hand) {rF+ Str+4 Slay+3 SInv}
   (You found it on level 5 of the Dungeon)

   [ring of protection from fire]

   It affects your strength (+4).
   It affects your accuracy and damage with ranged weapons and melee attacks
   (+3).
   It protects you from fire.
   It enhances your eyesight.
 Z - an uncursed ring of protection from fire
Magical devices
 p - a wand of teleportation (3)
 z - a wand of confusion (23)
 D - a wand of random effects (14)
 G - a wand of invisibility (4)
 K - a wand of disintegration (24)
 N - a wand of digging (10)
Scrolls
 e - a scroll of fog {unknown}
 i - a scroll of immolation {unknown}
 m - 3 scrolls of blinking
 s - 3 scrolls of magic mapping
 u - a scroll of enchant weapon {unknown}
 w - 8 scrolls of teleportation
 x - a scroll of recharging
 B - a scroll of random uselessness {unknown}
 I - a scroll of fear {unknown}
 M - 3 scrolls of remove curse
 U - a scroll of torment {unknown}
 Y - a scroll of enchant armour
Potions
 c - 2 potions of haste {unknown}
 g - 4 potions of restore abilities
 n - 2 potions of magic
 o - 8 potions of curing
 v - 4 potions of heal wounds
 A - a potion of berserk rage
 F - a potion of beneficial mutation {unknown}
 J - 3 potions of agility
 P - a potion of brilliance
 R - a potion of lignification
 W - a potion of resistance
Books
 q - a book of Maledictions

   Spells                             Type                      Level
   a - Corona                         Hexes                        1
   b - Sure Blade                     Hexes/Charms                 2
   c - Ensorcelled Hibernation        Hexes/Ice                    2
   d - Confuse                        Hexes                        3
   e - Dazzling Spray                 Conjuration/Hexes            3
   f - Enslavement                    Hexes                        4
Comestibles
 d - 17 bread rations
 l - 2 royal jellies
 O - 7 slices of pizza
 S - 13 fruits
 X - 3 meat rations


   Skills:
 + Level 7.0 Fighting
 + Level 3.0 Short Blades
 + Level 6.5 Axes
 + Level 9.9(10.4) Slings
 + Level 5.3(8.3) Throwing
 + Level 7.8 Armour
 + Level 6.7 Dodging
 + Level 5.1 Stealth
 + Level 8.4 Shields
 + Level 2.0 Unarmed Combat
 + Level 1.8 Evocations


You had 11 spell levels left.
You didn't know any spells.

Dungeon Overview and Level Annotations

Branches:
Dungeon (10/15)            Temple (1/1) D:7            Lair (5/8) D:10
 Shoals (0/5) Lair:5
  Snake: Lair:3-6    Spider: Lair:3-6       Orc: D:9-12

Altars:
Ashenzari
Cheibriados
Dithmenos
Elyvilon
Fedhas
Gozag
Kikubaaqudgha
Makhleb
Nemelex Xobeh
Okawaru
Qazlal
Ru
Sif Muna
Trog
Vehumet
Xom
Yredelemnul
Zin
The Shining One

Shops:
D:9 [   D:12 *

Annotations:
Lair:5 exclusion: 3 oklob plants


Innate Abilities, Weirdness & Mutations

You have a pair of horns on your head.
You are partially covered in large bone plates (AC +2, SH +2).
You can steal the life force of nearby defeated enemies.
When hurt, damage is shared between your health and your magic reserves.
You regenerate magic rapidly.
You tend to lose your temper in combat.
Your magical capacity is low (-10% MP).


Message History

The oklob plant spits acid at you. The splash of acid hits you!
The acid burns!
The oklob plant spits acid at you. The splash of acid hits you!
The acid corrodes your equipment!
The acid burns!
* * * LOW HITPOINT WARNING * * *
Drink which item? (? for menu, Esc to quit)
You are confused.
You feel invigorated. The oklob plant spits acid at you.
The splash of acid hits you!
* * * LOW HITPOINT WARNING * * *
The acid corrodes your equipment!
The acid burns!
* * * LOW HITPOINT WARNING * * *
You bump into the rock wall.
The oklob plant spits acid at you. The splash of acid hits you!
* * * LOW HITPOINT WARNING * * *
The acid corrodes your equipment!
The acid burns!
You die...
Your body crumbles into a pile of gold.

#..# #......#..##....#
#..###......#...###.##
##.P#........#...P##.#
#.P.P........#...PP#.#
.............#.P..####
.............#...P.# #
............#.P...#.#
............#.#.PPP.#
.<..........###@.PP##
...........##P.P.P#
.P.#......##P..P.#
..P#P.....#P.P...#
..........#P#...##
.............###.P.#
..PPP.##.....# #..P#
.#..P#.......# #P.P.
#....##PP....# .H.


You could see 3 oklob plants and a hippogriff (wandering).

Vanquished Creatures
  Josephine (D:10)
  3 hydras
  Harold (Lair:2)
  2 hill giants (D:10)
  A griffon (Lair:5)
  A manticore (Lair:5)
  An oklob plant (Lair:4)
  Joseph (D:8)
  3 black mambas
  A torpor snail (Lair:4)
  6 spiny frogs
  4 komodo dragons
  A troll (D:10)
  9 blink frogs (Lair:2)
  5 wraiths (D:10)
  A basilisk (Lair:2)
  21 yaks
  A deep elf mage (D:10)
  A hog (D:7)
  A human (D:7)
  8 hippogriffs
  Edmund (D:8)
  8 water moccasins
  5 porcupines
  4 sky beasts
  2 ice beasts
  3 orc warriors
  2 black bears
  3 ogres
  2 necrophages
  3 phantoms
  2 eyes of draining (D:10)
  4 crocodiles
  A centaur (D:6)
  Sigmund (D:2)
  5 giant frogs
  A water moccasin skeleton (D:9)
  2 scorpions
  12 killer bees
  2 goliath beetles (D:8)
  7 crimson imps
  A giant frog zombie (D:8)
  5 wights (D:8)
  A centaur zombie (D:4)
  8 hounds
  An orc priest (D:5)
  4 jellies
  2 giant frog skeletons
  A gnoll shaman (D:3)
  A quasit (D:8)
  A centaur skeleton (D:6)
  4 orc wizards
  7 worker ants
  3 sheep (D:7)
  9 iguanas
  Ijyb (D:4)
  Jessica (D:3)
  4 hound skeletons
  Robin (D:2)
  20 adders
  47 river rats
  10 gnolls
  2 shadow imps
  2 worms (D:2)
  3 adder zombies
  4 giant geckos
  36 orcs
  26 bats
  A bat zombie (D:5)
  4 giant cockroaches
  31 goblins
  13 hobgoblins
  12 jackals
  17 kobolds
  9 quokkas
  3 ball pythons
  6 giant newts
  2 giant spores
  A jackal skeleton (D:6)
  A quokka skeleton (D:7)
  12 rats
  3 ballistomycetes
  A plant (Lair:5)
464 creatures vanquished.

Vanquished Creatures (others)
  A giant spore (D:6)
  A fungus (Lair:5)
  A plant (D:10)
3 creatures vanquished.

Grand Total: 467 creatures vanquished

Notes
Turn   | Place    | Note
--------------------------------------------------------------
     0 | D:1      | Woebin, the Demonspawn Fighter, began the quest for the Orb.
     0 | D:1      | Reached XP level 1. HP: 18/18 MP: 1/1
   270 | D:1      | Gained mutation: You have a pair of small horns on your head. [demonic ancestry]
   270 | D:1      | Reached XP level 2. HP: 20/24 MP: 2/2
   898 | D:1      | Reached XP level 3. HP: 29/29 MP: 3/3
  1374 | D:2      | Found an opulent altar of Gozag.
  1391 | D:2      | Became a worshipper of Gozag Ym Sagoz the Greedy
  1431 | D:2      | Noticed Robin
  1473 | D:2      | Killed Robin
  1473 | D:2      | Reached skill level 1 in Dodging
  1542 | D:2      | Gained mutation: You have a pair of horns on your head. [demonic ancestry]
  1542 | D:2      | Reached XP level 4. HP: 24/35 MP: 4/4
  1750 | D:2      | Noticed Sigmund
  1760 | D:2      | Killed Sigmund
  1760 | D:2      | Reached skill level 1 in Slings
  1760 | D:2      | Gained mutation: When hurt, damage is shared between your health and your magic reserves. [demonic ancestry]
  1760 | D:2      | Reached XP level 5. HP: 10/41 MP: 5/5
  2733 | D:3      | Reached skill level 4 in Armour
  2761 | D:3      | Noticed Jessica
  2765 | D:3      | HP: 2/41 [Jessica/nerve-wracking pain (11)]
  2766 | D:3      | Killed Jessica
  2766 | D:3      | Gained mutation: You are partially covered in large bone plates (AC +2, SH +2). [demonic ancestry]
  2766 | D:3      | Reached XP level 6. HP: 2/47 MP: 0/6
  3741 | D:3      | Found a radiant altar of Vehumet.
  3741 | D:3      | Found an iron altar of Okawaru.
  3814 | D:4      | Found a staircase to the Ecumenical Temple.
  4039 | D:4      | Got a heavily runed scale mail
  4050 | D:4      | Identified the +1 scale mail "Tarchuafru" {Contam +Inv rC+ rN+} (You found it on level 4 of the Dungeon)
  4077 | D:4      | Noticed Ijyb
  4090 | D:4      | Killed Ijyb
  4235 | D:4      | Reached XP level 7. HP: 50/53 MP: 5/7
  5093 | D:5      | Entered Level 5 of the Dungeon
  5095 | D:5      | Reached skill level 1 in Evocations
  5321 | D:5      | Got a faintly glowing golden ring
  5344 | D:5      | Identified the ring of Brel Iso {rF+ Str+4 Slay+3 SInv} (You found it on level 5 of the Dungeon)
  5377 | D:5      | Reached skill level 1 in Throwing
  5497 | D:5      | Found a shadowy altar of Dithmenos.
  5811 | D:5      | Gained mutation: You can steal the life force of nearby defeated enemies. [demonic ancestry]
  5811 | D:5      | Reached XP level 8. HP: 60/60 MP: 9/9
  6079 | D:6      | Reached skill level 1 in Stealth
  6169 | D:6      | Got a distressingly furry leather armour
  6192 | D:6      | Identified the +1 leather armour of the Ban {rPois rN++ Str-4 Dex+2} (You found it on level 6 of the Dungeon)
  6213 | D:6      | Gained mutation: Your magical capacity is low (-10% MP). [mutagenic glow]
  6588 | D:6      | Reached skill level 5 in Armour
  7140 | D:7      | Gained mutation: You regenerate magic rapidly. [demonic ancestry]
  7140 | D:7      | Reached XP level 9. HP: 64/66 MP: 9/9
  7236 | D:7      | Reached skill level 5 in Shields
  7651 | D:7      | Found a staircase to the Ecumenical Temple.
  7688 | D:7      | Reached skill level 1 in Unarmed Combat
  7892 | Temple   | Entered the Ecumenical Temple
  7929 | Temple   | Upgraded the game from 0.16.0-16-g311141a to 0.16.0-17-g811c1d7
  8098 | D:8      | Reached skill level 5 in Fighting
  8105 | D:8      | Noticed Joseph
  8121 | D:8      | Killed Joseph
  8121 | D:8      | Reached skill level 5 in Axes
  8307 | D:8      | Found a shimmering altar of Xom.
  8366 | D:8      | Got a bound platinum ring
  8369 | D:8      | Identified the ring of the Wild Haggis {Wiz Str+3} (You found it on level 8 of the Dungeon)
  8444 | D:8      | Found a glowing silver altar of Zin.
  8444 | D:8      | Found a burning altar of Makhleb.
  8446 | D:8      | Noticed an Executioner
  8446 | D:8      | Noticed an angel
  8644 | D:8      | Reached XP level 10. HP: 74/74 MP: 10/10
  8753 | D:8      | Noticed Edmund
  8762 | D:8      | Killed Edmund
  9026 | D:8      | Reached skill level 5 in Slings
  9063 | D:9      | Found Dyuck's Armour Shop.
  9089 | D:9      | Bought the +3 pair of gauntlets of War {Slay+5} for 570 gold pieces
  9330 | D:9      | Found a stormy altar of Qazlal.
  9366 | D:9      | Reached skill level 6 in Shields
 10466 | D:10     | Entered Level 10 of the Dungeon
 10662 | D:10     | Found a staircase to the Lair.
 10833 | D:10     | Noticed a hill giant
 10841 | D:10     | Killed a hill giant
 10905 | D:10     | Reached skill level 7 in Slings
 11056 | D:10     | Reached skill level 5 in Throwing
 11057 | D:10     | Noticed Josephine
 11064 | D:10     | Killed Josephine
 11064 | D:10     | Reached XP level 11. HP: 63/80 MP: 8/11
 11438 | D:10     | Reached skill level 8 in Slings
 11635 | D:10     | Noticed a hill giant
 11643 | D:10     | Killed a hill giant
 11714 | Lair:1   | Entered Level 1 of the Lair of Beasts
 11716 | Lair:1   | Identified a -1 rod of ignition (10/10) (You found it on level 10 of the Dungeon)
 11975 | Lair:1   | Gained mutation: You tend to lose your temper in combat. [mutagenic glow]
 12207 | Lair:1   | Noticed a six-headed hydra
 12212 | Lair:1   | Killed a six-headed hydra
 12253 | Lair:1   | Noticed a seven-headed hydra
 12258 | Lair:1   | Killed a seven-headed hydra
 12409 | Lair:1   | Reached skill level 9 in Slings
 12462 | Lair:1   | Got a brightly glowing short sword
 12463 | Lair:1   | Identified the +7 short sword "Gaixoutt" {flame, rN+ Int+3 Stlth+} (You found it on level 1 of the Lair of Beasts)
 12955 | Lair:2   | Reached skill level 5 in Dodging
 13353 | Lair:2   | Noticed a five-headed hydra
 13359 | Lair:2   | Killed a five-headed hydra
 13474 | Lair:2   | Noticed Harold
 13483 | Lair:2   | Killed Harold
 13483 | Lair:2   | Reached XP level 12. HP: 78/88 MP: 11/13
 13708 | Lair:2   | Reached skill level 1 in Short Blades
 14808 | Lair:3   | Got a twisted leather armour
 14819 | Lair:3   | Identified the cursed -3 leather armour of Midwinter {rN+ MP+9 Dex+5} (You found it on level 3 of the Lair of Beasts)
 16386 | Lair:5   | Found a staircase to the Shoals.
 16393 | Lair:5   | Reached skill level 5 in Stealth
 16541 | Lair:5   | HP: 3/91 [oklob plant/splash of acid (7)]
 16541 | Lair:5   | Splashed by an oklob plant's acid

Action                   |  1- 3 |  4- 6 |  7- 9 | 10-12 || total
-------------------------+-------+-------+-------+-------++-------
Melee: War axe           |    90 |   172 |   240 |    83 ||   585
       Short sword       |       |       |       |   227 ||   227
 Fire: Hunting sling     |    16 |    27 |   120 |   179 ||   342
Throw: Stone             |     4 |       |     1 |       ||     5
       Tomahawk          |       |       |    84 |     9 ||    93
Invok: Potion Petition   |       |     1 |       |       ||     1
       Call Merchant     |       |       |     1 |     1 ||     2
Evoke: Rod               |       |       |       |     2 ||     2
       Wand              |       |       |       |     1 ||     1
  Use: Potion            |     1 |     4 |     2 |     3 ||    10
       Scroll            |       |     3 |    11 |     8 ||    22
 Stab: Distracted        |       |       |     1 |     4 ||     5
       Sleeping          |       |       |       |    10 ||    10
  Eat: Meat ration       |     1 |     1 |     2 |     3 ||     7
       Chunk             |     1 |       |       |       ||     1
       Fruit             |       |       |     4 |     4 ||     8
       Beef jerky        |       |       |       |     8 ||     8
